 Dungeon Crawl Stone Soup version 0.27.1-16-g815e20cd7a (webtiles) character file.

Game seed: 9183652354060512187

108 ddubois the Skirmisher (level 4, -6/36 HPs)
             Began as a Palentonga Brigand on Nov 24, 2021.
             Was a Believer of Ru.
             Engulfed by a steam dragon's steam (12 damage)
             ... on level 4 of the Dungeon.
             The game lasted 00:11:06 (2948 turns).

ddubois the Skirmisher (Palentonga Brigand)         Turns: 2948, Time: 00:11:07

Health: -6/36      AC:  6    Str: 22    XL:     4   Next: 58%
Magic:  4/4        EV:  8    Int: 11    God:    Ru [**....]
Gold:   150        SH:  0    Dex: 11    Spells: 3/3 levels left

rFire    . . .     SeeInvis +   a - +3 short sword (drain)
rCold    . . .     Faith    .   (no shield)
rNeg     . . .     Spirit   .   v - +0 ring mail
rPois    .         Reflect  .   (no helmet)
rElec    .         Harm     .   c - +0 cloak
rCorr    .         Rampage  .   (no gloves)
Will     .....                  (no barding)
Stlth    +.........             (no amulet)
HPRegen  0.12/turn              q - +6 ring of strength
MPRegen  0.09/turn              o - ring of flight

@: flying
A: large, rugged brown scales 3, see invisible, deformed body, frail 1, roll 1,
armoured tail
a: Rolling Charge, Renounce Religion


You were on level 4 of the Dungeon.
You worshipped Ru.
Ru was pleased with you.
You visited 1 branch of the dungeon, and saw 4 of its levels.

You collected 150 gold pieces.

Inventory:

Hand Weapons
 a - a +3 short sword of draining (weapon)
Missiles
 d - 8 poisoned darts (quivered)
 e - 2 curare-tipped darts
 j - 47 stones
 k - 25 arrows
 n - 19 sling bullets
Armour
 c - a +0 cloak (worn)
 v - a +0 ring mail (worn)
Jewellery
 o - a ring of flight (right hand)
 q - a +6 ring of strength (left hand)
Wands
 u - a wand of polymorph (7)
Scrolls
 b - a scroll of enchant weapon {unknown}
 f - 4 scrolls of identify {unknown}
 g - a scroll of blinking {unknown}
 h - a scroll of brand weapon {unknown}
 i - 3 scrolls of amnesia {unknown}
 l - a scroll of fog {unknown}
 m - a scroll of enchant armour {unknown}
 p - a scroll of fear {unknown}
 r - a scroll of teleportation {unknown}
Potions
 s - a potion of might {unknown}
 t - 2 potions of lignification {unknown}
 w - 2 potions of mutation {unknown}


   Skills:
 + Level 4.6 Fighting
 - Level 2.1 Short Blades
 - Level 1.4 Throwing
 - Level 1.0 Dodging
 - Level 2.6 Stealth


You had 3 spell levels left.
You didn't know any spells.
Your spell library contained the following spells:

 Spells                   Type           Power      Damage    Failure   Level
 Shock                    Conj/Air       0%         1d3       50%         1
 Summon Small Mammal      Summ           0%         N/A       50%         1
 Call Canine Familiar     Summ           0%         N/A       86%         3
 Summon Guardian Golem    Hex/Summ       0%         N/A       86%         3
 Swiftness                Air            0%         N/A       86%         3
 Airstrike                Air            0%         N/A       99%         4


Dungeon Overview and Level Annotations

Branches:
Dungeon (4/15)
 Temple: D:4-7

Altars:
Ru
Xom

Annotations:
D:3 Grinder
D:4 Eustachio


Innate Abilities, Weirdness & Mutations

You are completely covered in rugged brown scales. (AC +3, +7% HP)
You have supernaturally acute eyesight. (SInv)
Armour fits poorly on your strangely shaped body.
You are frail. (-10% HP)
You can roll at nearby foes to attack.
You have a long armoured tail.


Message History

You see here a scroll labelled ONAHUD KATSYZE.
Found 14 gold pieces.
You see here 14 gold pieces.
Eustachio the Magnificent comes into view.
He is wielding a +0 falchion.
Eustachio shouts!
Eustachio mumbles some strange words.
Eustachio blinks!
Eustachio mumbles some strange words.
Eustachio blinks!
There's nothing you can charge at!
Unknown command.
Unknown command.
Unknown command.
Okay, then.
Unknown command.
Eustachio begins to cast a spell, but is stunned by your conviction!
The ogre barely misses you.
An endoplasm comes into view.
The endoplasm hits you but does no damage.
Eustachio mumbles some strange words.
The ball python barely misses you.
Eustachio gestures wildly while chanting.
You redirect the endoplasm's attack!
The endoplasm hits you but does no damage.
The endoplasm barely misses you. The bat barely misses you.
The bat completely misses you. The bat hits you but does no damage.
A steam dragon comes into view.
The bat hits you but does no damage. The bat hits you.
* * * LOW HITPOINT WARNING * * *
The steam dragon hisses angrily.
The bat hits you but does no damage. The steam dragon breathes steam at you.
The ball of steam misses you.
The ball of steam hits the ball python!!
The ball python dies!
You hear a shout!
A quokka and an orc come into view.
You are engulfed in a cloud of scalding steam.
You die...

.o.. .# . #... .. ####
#. #.##.#.##.# ... #.
#......D.... ..# #.
#......#.##.##.# #.
#......#§##....########.
#......#§####..##.......
#......@§b.J#..O..@..@..
#......#§§...O.##.....b.
#......######.#########.
#.....r #.# #######.
####### #.# #....... #.#
#.#####. ..# #@#####@
### #.##.... #.##@##.


You could see an orc (wandering), a quokka (wandering) and a bat (summoned).

Vanquished Creatures
  Ijyb (D:3)
  An adder (D:1)
  A dart slug (D:3)
  7 orcs (D:3)
  3 bats
  10 endoplasms
  2 giant cockroaches
  3 goblins
  3 hobgoblins
  2 jackals
  5 quokkas
  6 ball pythons
  3 frilled lizards
  6 kobolds
  7 rats
60 creatures vanquished.

Vanquished Creatures (others)
  A ball python (D:4)
1 creature vanquished.

Grand Total: 61 creatures vanquished

Notes
Turn   | Place    | Note
-------+----------+-------------------------------------------
     0 | D:1      | ddubois the Palentonga Brigand began the quest for the Orb.
     0 | D:1      | Reached XP level 1. HP: 17/17 MP: 1/1
    54 | D:1      | Reached skill level 1 in Dodging
   383 | D:1      | Reached XP level 2. HP: 22/24 MP: 2/2
   707 | D:1      | Found a faded altar of an unknown god.
   758 | D:1      | Became a worshipper of Ru the Awakened
   764 | D:1      | Gained mutation: You are frail. (-10% HP) [Ru sacrifice]
   764 | D:1      | Reached * piety under Ru
   764 | D:1      | Reached ** piety under Ru
   895 | D:1      | Reached skill level 3 in Fighting
  1327 | D:1      | Reached XP level 3. HP: 11/28 MP: 3/3
  2229 | D:3      | Noticed Grinder
  2307 | D:3      | Reached skill level 4 in Fighting
  2348 | D:3      | Reached XP level 4. HP: 35/35 MP: 4/4
  2426 | D:3      | Noticed Ijyb
  2479 | D:3      | Killed Ijyb
  2672 | D:3      | Found a shimmering altar of Xom.
  2898 | D:4      | Noticed an ogre
  2921 | D:4      | Noticed Eustachio
  2946 | D:4      | Noticed a steam dragon
  2948 | D:4      | Engulfed by a steam dragon's steam

Illustrated notes

Levels and vault maps discovered:
D:1:      minmay_arrival_split_and_join, layout_basic,
          shapermc_ecumenical_altar_ellora, minmay_misc_feat_rugged
D:2:      layout_rooms
D:3:      layout_basic, mainiacjoe_overflow_paths, uniq_ijyb, uniq_grinder
D:4:      layout_loops_cross, ashenzari_conservatory_becter, uniq_duvessa,
          uniq_eustachio, uniq_crazy_yiuf_cottage, uniq_blork_the_orc,
          uniq_edmund

Skill      XL: |  1  2  3 |
---------------+----------+-----
Dodging        | 1 |  1.0
Fighting       | 3 4 |  4.6
Short Blades   | |  2.1
Throwing       | |  1.4
Stealth        | |  2.6

Action                   |  1- 3 |  4- 6 || total
-------------------------+-------+-------++-------
Melee: Dagger            |   127 |       ||   127
       Tailslap          |     8 |     5 ||    13
       Short sword       |    19 |    34 ||    53
       Unarmed           |       |     3 ||     3
Throw: Dart              |     1 |       ||     1
Invok: Sacrifice Health  |     1 |       ||     1
 Abil: Rolling Charge    |    18 |     5 ||    23
 Stab: Sleeping          |     3 |       ||     3
Armor: Robe              |    53 |       ||    53
       Leather armour    |       |    12 ||    12
       Ring mail         |       |     6 ||     6
Dodge: Dodged            |    47 |    19 ||    66
